 Dungeon Crawl Stone Soup version 0.32-a0-172-gc5dd13f2a7 (webtiles) character file.

Game seed: 8518914351649294462

578 cforsyth the Trooper (level 7, -5/54 HPs)
             Began as a Djinni Hexslinger on Feb 13, 2024.
             Slain by Menkaure (16 damage)
             ... on level 4 of the Dungeon.
             The game lasted 00:03:49 (2788 turns).

cforsyth the Trooper (Djinni Hexslinger)            Turns: 2788, Time: 00:03:50

Health: -5/54      AC:  6    Str:  7    XL:     7   Next: 62%
Gold:   257        EV: 12    Int: 17    God:
                   SH:  0    Dex: 15

rFire   + + .        a - +1 sling
rCold   x . .        (no shield)
rNeg    . . .        c - +0 robe
rPois   ∞            (no helmet)
rElec   .            (no cloak)
rCorr   .            (no gloves)
SInv    .            (boots unavailable)
Will    .....        (no amulet)
Stlth   +            T - +4 ring of protection
HPRegen 0.29/turn    (no ring)
MPRegen 0.00/turn

%: infuse magic (-6 HP)
@: flying, very slightly contaminated
A: sickness immunity, fire resistance 2, cold vulnerability 1, float, innate
caster, HP casting, extra vitality 1
a: no special abilities


You were on level 4 of the Dungeon.
You visited 1 branch of the dungeon, and saw 4 of its levels.

You collected 257 gold pieces.


Innate Abilities, Weirdness & Mutations

You are immune to sickness and miasma.
You are immune to poison.
Your flesh is very heat resistant. (rF++)
You are vulnerable to cold. (rC-)
You float through the air rather than walking.
You learn spells naturally, not from books.
Your magical power is your life essence.
You have superior vitality. (+4 MHP)


   Skills:
 + Level 5.5 Fighting
 - Level 1.5 Ranged Weapons
 - Level 2.1 Dodging
 + Level 4.9 Spellcasting
 + Level 4.9 Conjurations
 + Level 4.9 Hexes
 + Level 4.9 Summonings
 + Level 4.9 Necromancy
 + Level 4.9 Translocations
 + Level 4.9 Fire Magic
 + Level 4.9 Ice Magic
 + Level 4.9 Air Magic
 + Level 4.9 Earth Magic
 + Level 4.9 Alchemy


You knew the following spells:

 Your Spells              Type           Power      Damage    Failure   Level
a - Momentum Strike       Conj/Tloc      40%        3d9       3%          2
c - Cause Fear            Hex            10%        N/A       19%         4
d - Dazzling Flash        Conj/Hex       40%        N/A       6%          3
f - Inner Flame           Hex/Fire       20%        N/A       6%          3
z - Sandblast             Erth           40%        2d10      1%          1
X - Jinxbite              Hex            40%        N/A       3%          2
Y - Sigil of Binding      Hex            20%        N/A       6%          3
Z - Dimensional Bullseye  Hex/Tloc       10%        N/A       19%         4
Your spell library was empty.

Inventory:

Hand Weapons
 a - a +1 sling (weapon)
Armour
 c - a +0 robe (worn)
 l - a +0 cloak
Jewellery
 T - a +4 ring of protection (left hand)
Scrolls
 b - a scroll of poison
 e - 4 scrolls of noise {unknown}
 i - a scroll of blinking {unknown}
 k - 2 scrolls of identify {unknown}
 m - a scroll of amnesia {unknown}
 n - a scroll of teleportation {unknown}
Potions
 d - 3 potions of attraction {unknown}
 f - 3 potions of degeneration {unknown}
 g - 3 potions of curing {unknown}
 h - 2 potions of might {unknown}
 j - a potion of berserk rage {unknown}

Dungeon Overview and Level Annotations

Branches:
Dungeon (4/15)
 Temple: D:4-7

Altars:
Zin

Annotations:
D:4 Menkaure

#†# #<# ######.###### #.#
##..........)## #.#
##.............## #.##
#...............####..#.#
#.......................#
#(..............#####....#
#..............M# .......
#..............@# ...(.##
##.............## .....#
##.....#.....## ....[#
############# M....#
.....#


You could see Menkaure (fast).


Message History

Menkaure, Prince of Dust comes into view.
The blast of sand hits the hound!
Menkaure shouts!
The hound explodes!
The fiery explosion engulfs you! You resist.
You are engulfed in blazing flames.
You resist.
You hear an angry hiss.
The howler monkey hoots and howls with incredible vigour!
You start resting.
Menkaure is nearby!
Casting: Sandblast (safe; 1% risk of failure)
Confirm with . or Enter, or press ? or * to list all spells.
Aiming: Inner Flame (dangerous; 6% risk of failure)
Press: ? - help, Dir - move target, f - Menkaure
Aim: Menkaure (chance to affect: 75%)
You miscast Inner Flame.
You are very lightly contaminated with residual magic.
Nothing appears to happen.
The blast of sand hits Menkaure!
Menkaure is moderately damaged.
The blast of sand hits Menkaure.
Menkaure is heavily damaged.
Menkaure gestures wildly while chanting.
Menkaure seems to speed up.
The blast of sand hits Menkaure.
Menkaure is severely damaged.
Menkaure hits you!!
* * * LOW HITPOINT WARNING * * *
Menkaure hits you!
You die...

Skill      XL: |  1  2  3  4  5  6  7 |
---------------+----------------------+-----
Spellcasting   | 3 4 |  4.9
Conjurations   | 3 4 |  4.9
Hexes          | 3 4 |  4.9
Summonings     | 3 4 |  4.9
Necromancy     | 3 4 |  4.9
Translocations | 3 4 |  4.9
Fire Magic     | 3 4 |  4.9
Ice Magic      | 3 4 |  4.9
Air Magic      | 3 4 |  4.9
Earth Magic    | 3 4 |  4.9
Alchemy        | 3 4 |  4.9
Fighting       | 2 3 4 5 |  5.5
Ranged Weapons | |  1.5
Dodging        | |  2.1

Action                     |  1- 3 |  4- 6 |  7- 9 || total
---------------------------+-------+-------+-------++-------
   Fire: Sling             |    73 |    34 |    11 ||   118
   Cast: Sandblast         |    10 |    38 |     9 ||    57
         Inner Flame       |     1 |     9 |     7 ||    17
 Armour: Robe              |    33 |    19 |     8 ||    60
  Dodge: Dodged            |    28 |    17 |     4 ||    49

Levels and vault maps discovered:
D:1:      evilmike_arrival_hilbert_curve, layout_basic,
          dreamdust_ecumenical_altar_hidden_monk_grotto
D:2:      layout_basic, basic_altar, chequers_jeans, serial_bayou_pond_e,
          uniq_sigmund
D:3:      minmay_skewed_foursquare, layout_rooms, kennysheep_generic_room_10,
          uniq_jessica
D:4:      layout_rooms, nicolae_hepliaklqana_hippocampus, serial_shops, shop,
          uniq_menkaure

Notes
Turn   | Place    | Note
-------+----------+-------------------------------------------
     0 | D:1      | cforsyth the Djinni Hexslinger began the quest for the Orb.
     0 | D:1      | cforsyth set off with the following spells memorised:
                  | Jinxbite, Sigil of Binding, Inner Flame, Cause Fear,
                  | Dimensional Bullseye.
     0 | D:1      | Reached XP level 1. HP: 17/17 MP: 0/0
   323 | D:1      | Reached XP level 2. HP: 22/22 MP: 0/0
   512 | D:1      | Reached skill level 3 in Spellcasting
   512 | D:1      | Reached skill level 3 in Conjurations
   512 | D:1      | Reached skill level 3 in Hexes
   512 | D:1      | Reached skill level 3 in Summonings
   512 | D:1      | Reached skill level 3 in Necromancy
   512 | D:1      | Reached skill level 3 in Translocations
   512 | D:1      | Reached skill level 3 in Fire Magic
   512 | D:1      | Reached skill level 3 in Ice Magic
   512 | D:1      | Reached skill level 3 in Air Magic
   512 | D:1      | Reached skill level 3 in Earth Magic
   512 | D:1      | Reached skill level 3 in Alchemy
   617 | D:1      | Found a faded altar of an unknown god.
   856 | D:1      | Reached skill level 2 in Fighting
   856 | D:1      | Reached XP level 3. HP: 17/28 MP: 0/0
   856 | D:1      | Learned a level 1 spell: Sandblast
   955 | D:2      | Found a glowing silver altar of Zin.
  1286 | D:2      | Noticed Sigmund
  1300 | D:2      | Killed Sigmund
  1301 | D:2      | Reached skill level 3 in Fighting
  1301 | D:2      | Reached skill level 4 in Spellcasting
  1301 | D:2      | Reached skill level 4 in Conjurations
  1301 | D:2      | Reached skill level 4 in Hexes
  1301 | D:2      | Reached skill level 4 in Summonings
  1301 | D:2      | Reached skill level 4 in Necromancy
  1301 | D:2      | Reached skill level 4 in Translocations
  1301 | D:2      | Reached skill level 4 in Fire Magic
  1301 | D:2      | Reached skill level 4 in Ice Magic
  1301 | D:2      | Reached skill level 4 in Air Magic
  1301 | D:2      | Reached skill level 4 in Earth Magic
  1301 | D:2      | Reached skill level 4 in Alchemy
  1301 | D:2      | Reached XP level 4. HP: 20/37 MP: 0/0
  1301 | D:2      | Reached XP level 5. HP: 22/41 MP: 0/0
  1301 | D:2      | Learned a level 2 spell: Momentum Strike
  1301 | D:2      | Reached XP level 6. HP: 25/47 MP: 0/0
  1389 | D:2      | Reached skill level 4 in Fighting
  1888 | D:3      | Noticed Jessica
  1894 | D:3      | Killed Jessica
  2487 | D:4      | Noticed an ogre
  2493 | D:3      | Reached XP level 7. HP: 51/53 MP: 0/0
  2493 | D:3      | Learned a level 3 spell: Dazzling Flash
  2547 | D:4      | Reached skill level 5 in Fighting
  2771 | D:4      | Noticed Menkaure
  2788 | D:4      | Slain by Menkaure

Vanquished Creatures
  Sigmund (D:2)
  An ogre (D:4)
  A phantom (D:4)
  A hound (D:4)
  A jelly (D:3)
  An orc priest (D:3)
  Jessica (D:3)
  7 adders
  A ribbon worm (D:2)
  8 orcs (D:3)
  5 endoplasms
  3 giant cockroaches
  6 goblins
  7 hobgoblins
  3 jackals (D:2)
  8 kobolds
  A quokka (D:3)
  4 ball pythons
  2 bats
  A frilled lizard (D:1)
  7 rats
70 creatures vanquished.

Table legend: (Time is in decaauts)
 A = Elapsed time spent in this place.
 B = Non-inter-level travel time spent in this place.
 C = Inter-level travel time spent in this place.
 D = Time resting spent in this place.
 E = Time spent auto-exploring this place.
 F = Levels seen in this place.
 G = Mean time per level.
                   A        B        C        D        E       F      G
               +--------+--------+--------+--------+--------+-----+--------+
         Total |   2854 |   2723 |    131 |     60 |   2179 |   4 |  713.5 |
       Dungeon |   2854 |   2723 |    131 |     60 |   2179 |   4 |  713.5 |
               +--------+--------+--------+--------+--------+-----+--------+

Top non-repeatable levels by time:
     D:1: 924 daAuts
     D:2: 913 daAuts
     D:3: 760 daAuts
     D:4: 256 daAuts

Table legend:
 A = Non-vault XP
 B = Vault XP
 C = Vault XP percentage of total XP
 D = Non-vault monster count
 E = Vault monster count
 F = Vault count percentage of total count
                 A         B        C        D         E       F
            +---------+---------+-------+---------+---------+-------
      Total |     555 |     272 |  32.9 |      62 |       8 |  11.4
            +---------+---------+-------+---------+---------+-------
        D:1 |      30 |       0 |   0.0 |      18 |       0 |   0.0
        D:2 |      44 |     226 |  83.7 |      11 |       1 |   8.3
        D:3 |     185 |      46 |  19.9 |      25 |       7 |  21.9
        D:4 |     296 |       0 |   0.0 |       8 |       0 |   0.0
            +---------+---------+-------+---------+---------+-------
